 Dungeon Crawl Stone Soup version 0.20-a0-842-g939b552 (webtiles) character file.

16 M4edhros the Slasher (level 2, 0/24 HPs)
             Began as a Mummy Chaos Knight on Mar 9, 2017.
             Slain by an orc
             ... wielding a +0 club
              (4 damage)
             ... on level 1 of the Dungeon.
             The game lasted 00:00:28 (2472 turns).

M4edhros the Slasher (Mummy Chaos Knight)           Turns: 2472, Time: 00:00:29

Health: 0/24       AC:  5    Str: 15    XL:     2   Next: 41%
Magic:  2/2        EV: 11    Int: 11    God:    Xom [.....*]
Gold:   0          SH:  0    Dex: 11    Spells: 1/1 levels left

rFire    x . .     SeeInvis .   a - +0 falchion (chaos)
rCold    + . .     Gourm    .   b - +2 leather armour
rNeg     + + +     Faith    .   (no shield)
rPois    ∞         Spirit   .   (no helmet)
rElec    .         Reflect  .   (no cloak)
rCorr    .         Harm     .   (no gloves)
MR       .....                  (no boots)
Stlth    +.........             (no amulet)
Regen    0.1/turn               (no ring)
MPRegen  0.1/turn               (no ring)

@: no status effects
A: no food or potions, fire vulnerability, cold resistance 1, negative energy
resistance 3, torment resistance, unbreathing
a: Renounce Religion


You were on level 1 of the Dungeon.
You worshipped Xom.
You were Xom's teddy bear.
You were not hungry.

You visited 1 branch of the dungeon, and saw 1 of its levels.

Inventory:

Hand Weapons
 a - a +0 falchion of chaos (weapon)
Armour
 b - a +2 leather armour (worn)


   Skills:
 - Level 3.0 Fighting
 + Level 3.1 Long Blades
 - Level 1.5 Armour
 - Level 0.7 Dodging


You had one spell level left.
You didn't know any spells.

Dungeon Overview and Level Annotations

Branches:
Dungeon (1/15)

Altars:
Xom


Innate Abilities, Weirdness & Mutations

You do not eat or drink.
Your flesh is vulnerable to fire.
You are immune to poison.
Your flesh is cold resistant. (rC+)
You are immune to negative energy. (rN+++)
You are immune to unholy pain and torment.
You can survive without breathing.


Message History

You closely miss the kobold. The kobold hits you but does no damage.
The orc hits you but does no damage. The kobold barely misses you.
You barely miss the orc. The orc hits you but does no damage.
You closely miss the orc. The orc hits you but does no damage.
You hit the orc but do no damage. You drain the orc!
The orc is heavily wounded.
The orc barely misses you.
You riposte.
You hit the orc but do no damage.
The orc seems to speed up.
Xom thinks this is hilarious!
The orc is heavily wounded.
You hit the orc. You freeze the orc.
The orc is severely wounded.
The orc misses you.
You hit the orc but do no damage.
The orc is severely wounded.
The orc drinks a potion.
The orc is healed!
The orc closely misses you.
Your leather armour prevents you from hitting the orc.
The orc closely misses you.
You riposte.
You hit the orc but do no damage.
The orc is moving more slowly.
The orc hits you with a club.
You die...

#####.##...........#
#+### ##.##...........#
∆ #...#
#...............# ....
#.#..(..........# #..
.>. .#..........#
##'#####.#..#..........#
#...#.(..#.###.#####†###
#.).#..#...###.# #.#
#.<.##.(@# #...# #.## ∆
#...###o## #.### #..# ∆
∆#...###..# #.# ##.##
######.K†###.# #..##
##.#(....# ##...
#.....#### #### ∆
#..##.# .########.###..
.### ........... .... ∆
.....


You could see an orc (petrifying) and a kobold.

Vanquished Creatures
  A dart slug (D:1)
  3 giant cockroaches (D:1)
  2 goblins (D:1)
  A hobgoblin (D:1)
  2 ball pythons (D:1)
  2 bats (D:1)
  2 rats (D:1)
13 creatures vanquished.

Notes
Turn   | Place    | Note
-------+----------+-------------------------------------------
     0 | D:1      | M4edhros the Mummy Chaos Knight began the quest for the Orb.
     0 | D:1      | Reached XP level 1. HP: 18/18 MP: 1/1
   532 | D:1      | XOM: divination: detect items
   746 | D:1      | XOM: harmless Ice miscast
  1049 | D:1      | XOM: medium Erth miscast
  1503 | D:1      | XOM: harmless Air miscast
  1573 | D:1      | XOM: harmless Tmut miscast
  1951 | D:1      | XOM: harmless Pois miscast
  2146 | D:1      | XOM: harmless Erth miscast
  2365 | D:1      | XOM: scenery: 1 doors open
  2367 | D:1      | XOM: 7-stop teleportation journey
  2376 | D:1      | XOM: smoke on damage
  2378 | D:1      | XOM: scenery: create altars
  2422 | D:1      | Reached XP level 2. HP: 24/24 MP: 2/2
  2472 | D:1      | Slain by an orc

Vault maps used:
D:1:      dpeg_arrival_houses_and_road

Skill      XL: |  1 |
---------------+----+-----
Long Blades    | 3 |  3.1
Fighting       | |  3.0
Armour         | |  1.5
Dodging        | |  0.7

Action                   || total
-------------------------++-------
Melee: Falchion          ||    56
Armor: Leather armour    ||    34
Dodge: Dodged            ||    43
       Rpst.: Falchion   ||     8
